 Dungeon Crawl Stone Soup version 0.21-a0-225-g207ae17 (webtiles) character file.

70 KristoblXynda the Ruffian (level 4, 0/35 HPs)
             Began as a Draconian Transmuter on Aug 28, 2017.
             Slain by a gnoll
             ... wielding a +0 spear of piercing
              (1 damage)
             ... on level 3 of the Dungeon.
             The game lasted 00:02:57 (1918 turns).

KristoblXynda the Ruffian (Draconian Transmuter)    Turns: 1918, Time: 00:02:59

Health: 0/35       AC:  5    Str: 13    XL:     4   Next: 3%
Magic:  7/7        EV: 12    Int: 13    God:
Gold:   53         SH:  0    Dex: 12    Spells: 6/7 levels left

rFire    . . .     SeeInvis .   h - +0 dagger (venom)
rCold    . . .     Gourm    .   (no shield)
rNeg     . . .     Faith    .   (armour unavailable)
rPois    .         Spirit   .   (helmet restricted)
rElec    .         Reflect  .   (no cloak)
rCorr    .         Harm     .   (no gloves)
MR       .....                  (no boots)
Stlth    +.........             (no amulet)
HPRegen  0.11/turn              (no ring)
MPRegen  0.10/turn              (no ring)

@: no status effects
A: unfitting armour, cold-blooded, AC +5
a: no special abilities


You were on level 3 of the Dungeon.
You were not hungry.

You visited 1 branch of the dungeon, and saw 3 of its levels.

You collected 53 gold pieces.

Inventory:

Hand Weapons
 h - a +0 dagger of venom (weapon)
Missiles
 a - 12 arrows
Jewellery
 j - an uncursed ring of stealth {unknown}
Wands
 i - a wand of lightning (5/15)
Scrolls
 e - 3 scrolls of enchant weapon {unknown}
 g - a scroll of remove curse {unknown}
 k - a scroll of random uselessness {unknown}
 l - 3 scrolls of identify {unknown}
 m - a scroll of fear {unknown}
 o - a scroll of magic mapping {unknown}
Potions
 d - a potion of degeneration {unknown}
 p - a potion of invisibility {unknown}
Books
 b - a book of Changes

   Spells                             Type                      Level
   a - Beastly Appendage              Transmutation                1
   b - Sticks to Snakes               Transmutation                2
   c - Spider Form                    Transmutation/Poison         3
   d - Ice Form                       Ice/Transmutation            4
   e - Blade Hands                    Transmutation                5
Comestibles
 c - a bread ration
 f - a meat ration
 n - 2 fruits


   Skills:
 - Level 1.1 Fighting
 - Level 1.0 Short Blades
 - Level 1.7 Dodging
 * Level 4.4 Unarmed Combat
 - Level 2.0 Spellcasting
 + Level 2.6 Transmutations


You had 6 spell levels left.
You knew the following spells:

 Your Spells              Type           Power        Failure   Level  Hunger
a - Beastly Appendage     Tmut           #.....       9%          1    ##.....


Dungeon Overview and Level Annotations

Branches:
Dungeon (3/15)

Altars:

Annotations:
D:3 Jessica


Innate Abilities, Weirdness & Mutations

Your plain brown scales are hard. (AC +5)
You cannot fit into any form of body armour.
You are cold-blooded and may be slowed by cold attacks.


Message History

The gnoll closely misses you. The gnoll hits you with a spear.
You barely miss the gnoll.
The gnoll is moderately wounded.
The gnoll completely misses you. The gnoll hits you but does no damage.
The gnoll hits you but does no damage. The gnoll barely misses you.
The gnoll looks more healthy.
The gnoll hits you from afar with a spear!
The gnoll closely misses you.
The gnoll hits you from afar with a spear of piercing!
* * * LOW HITPOINT WARNING * * *
x2 You hit the gnoll.
You kill the gnoll!
You have reached level 4!
You feel agile. The gnoll barely misses you.
You open the door.
The gnoll hits you from afar with a spear of piercing.
* * * LOW HITPOINT WARNING * * *
You die...

#.........................
#.........................
##.........................
........................... ##
###......................... .
.#...........................
##
#.'.........g#.#...######.####
.#.###.....#..#.#'#...######'##
................@..).#........#
##.#.......#..##.....#........#
.............>##..............#
..............................#
8....#........................#
.8...#........................#
_.8.##....#######+###...####+##
.8..##....##### #.# #####
8...###.......# #.#


You could see a gnoll.

Vanquished Creatures
  2 adders (D:2)
  A gnoll (D:3)
  An ooze (D:1)
  2 worms
  3 leopard geckos (D:1)
  5 bats
  A giant cockroach (D:1)
  4 goblins
  4 hobgoblins
  A ball python (D:1)
  A frilled lizard (D:2)
  2 kobolds
  3 rats (D:2)
30 creatures vanquished.

Notes
Turn   | Place    | Note
-------+----------+-------------------------------------------
     0 | D:1      | KristoblXynda the Draconian Transmuter began the quest for the Orb.
     0 | D:1      | Reached XP level 1. HP: 16/16 MP: 3/3
   211 | D:1      | Reached XP level 2. HP: 23/23 MP: 5/5
   701 | D:2      | Reached skill level 4 in Unarmed Combat
   916 | D:2      | Reached XP level 3. HP: 28/28 MP: 6/6
  1541 | D:3      | Found a faded altar of an unknown god.
  1541 | D:3      | Noticed Jessica
  1642 | D:3      | Reached skill level 1 in Short Blades
  1896 | D:3      | Reached XP level 4. HP: 5/35 MP: 7/7
  1918 | D:3      | HP: 1/35 [gnoll/spear of piercing (6)]
  1918 | D:3      | Slain by a gnoll

Vault maps used:
D:1:      minmay_arrival_checkered_box, dk_noncrumbling_2
D:3:      bloody_trog, chequers_ecumenical_altar_simple_redux, uniq_jessica,
          uniq_crazy_yiuf_cottage

Skill      XL: |  1  2  3 |
---------------+----------+-----
Unarmed Combat | 4 |  4.4
Short Blades   | 1 |  1.0
Fighting       | |  1.1
Dodging        | |  1.7
Spellcasting   | |  2.0
Transmutations | |  2.6

Action                   |  1- 3 |  4- 6 || total
-------------------------+-------+-------++-------
Melee: Unarmed           |    17 |       ||    17
       Dagger            |    97 |       ||    97
       Tailslap          |     8 |       ||     8
       Punch             |     1 |       ||     1
 Stab: Sleeping          |     2 |       ||     2
  Eat: Fruit             |     2 |       ||     2
       Chunk             |     1 |       ||     1
Armor: Skin              |    41 |       ||    41
Dodge: Dodged            |    77 |     1 ||    78

Table legend:
 A = Spawn XP
 B = Non-spawn XP
 C = Spawn XP percentage of total XP
 D = Spawn monster count
 E = Non-spawn monster count
 F = Spawn count percentage of total count
 G = Total turns spent on level
                    A         B        C        D         E        F      G
               +---------+---------+-------+---------+---------+-------+---------
         Total |      21 |      79 |  21.0 |       5 |      25 |  16.7 |  1918
               +---------+---------+-------+---------+---------+-------+---------
           D:1 |       5 |      30 |  14.3 |       2 |      13 |  13.3 |   685
           D:2 |      16 |      30 |  34.8 |       3 |      10 |  23.1 |   856
           D:3 |       0 |      19 |   0.0 |       0 |       2 |   0.0 |   377
               +---------+---------+-------+---------+---------+-------+---------
